 Dungeon Crawl Stone Soup version 0.28.0-53-g5a82cb258f (webtiles) character file.

Game seed: 14543967853039705016

2 DildoBatman the Conjurer (level 1, 0/13 HPs)
             Began as a Formicid Conjurer on May 24, 2022.
             Slain by a jackal (1 damage)
             ... on level 1 of the Dungeon.
             The game lasted 00:00:49 (104 turns).

DildoBatman the Conjurer (Formicid Conjurer)         Turns: 104, Time: 00:00:49

Health: 0/13       AC:  2    Str: 11    XL:     1   Next: 33%
Magic:  0/3        EV: 12    Int: 17    God:
Gold:   0          SH:  0    Dex:  9    Spells: 3/4 levels left

rFire   . . .      SeeInvis +   (no weapon)
rCold   . . .      Faith    .   (no shield)
rNeg    . . .      Spirit   .   a - +0 robe
rPois   .          Reflect  .   (helmet unavailable)
rElec   .          Harm     .   (no cloak)
rCorr   .          Rampage  .   (no gloves)
Will    .....                   (no boots)
Stlth   ++........              (no amulet)
HPRegen 0.04/turn               (no ring)
MPRegen 0.08/turn               (no ring)

@: very slightly contaminated
A: permanent stasis, dig shafts and tunnels, antennae 3, four strong arms
a: Dig, Shaft Self


You were on level 1 of the Dungeon.
You visited 1 branch of the dungeon, and saw 1 of its levels.

Inventory:

Armour
 a - a +0 robe (worn)
Scrolls
 b - a scroll of identify {unknown}


   Skills:
 - Level 1.7 Dodging
 - Level 2.4 Stealth
 - Level 2.1 Spellcasting
 * Level 3.7 Conjurations


You had 3 spell levels left.
You knew the following spells:

 Your Spells              Type           Power      Damage    Failure   Level
c - Magic Dart            Conj           56%        1d5       4%          1

Your spell library contained the following spells:

 Spells                   Type           Power      Damage    Failure   Level
 Searing Ray              Conj           28%        2d5       6%          2
 Dazzling Flash           Conj/Hex       16%        N/A       26%         3
 Fulminant Prism          Conj/Hex       4%         3d6       65%         4
 Iskenderun's Mystic Bla  Conj/Tloc      8%         2d4       65%         4


Dungeon Overview and Level Annotations

Branches:
Dungeon (1/15)

Altars:

Annotations:
D:1 1 exclusion


Innate Abilities, Weirdness & Mutations

You cannot be hasted, slowed, berserked, paralysed or teleported.
You can dig through walls and to a lower floor.
You have a pair of large antennae on your head. (SInv)
Your four strong arms can wield two-handed weapons with a shield.


Message History

You hit the jackal but do no damage.
The jackal is severely wounded.
The jackal barely misses you. x2
You barely miss the jackal.
The jackal is severely wounded.
The jackal barely misses you.
You hit the jackal.
The jackal is almost dead.
The jackal misses you. The jackal completely misses you.
Casting: Magic Dart (safe; 4% risk of failure)
Confirm with . or Enter, or press ? or * to list all spells.
You don't have enough magic to cast this spell.
You closely miss the jackal.
The jackal is almost dead.
The jackal bites you.
Casting: Magic Dart (safe; 4% risk of failure)
Confirm with . or Enter, or press ? or * to list all spells.
Aiming: Magic Dart (safe; 4% risk of failure)
Press: ? - help, Shift-Dir - straight line, f/p - jackal
Aim: a jackal (almost dead, 100% to hit)
You miscast Magic Dart.
You are very lightly contaminated with residual magic.
Nothing appears to happen.
The jackal barely misses you.
You barely miss the jackal.
The jackal is almost dead.
The jackal barely misses you. The jackal closely misses you.
Casting: Magic Dart (safe; 4% risk of failure)
Confirm with . or Enter, or press ? or * to list all spells.
You don't have enough magic to cast this spell.
You hit the jackal but do no damage.
The jackal is almost dead.
The jackal closely misses you.
You barely miss the jackal.
The jackal is almost dead.
The jackal barely misses you. The jackal bites you.
You die...

............h...†.......
...
....############........
... +
##÷≈≈≈≈≈≈≈≈##...##.......
#≈≈≈≈≈≈≈≈○≈≈#..{# ....
#≈≈≈#≈≈○≈#≈≈#...#####....
#≈○≈○≈≈≈≈≈≈≈#h...........
#≈≈○≈○≈≈≈≈≈÷#............
#########.##............
+....<.@hh'..#..........
#################.......
#≈≈≈≈≈≈≈○≈≈≈# #.......
#≈≈≈≈≈≈≈≈≈≈≈# #.......
#≈≈≈#≈°≈≈#≈≈# #.......
#≈≈≈≈≈≈≈≈○≈≈# #.......
##≈≈≈≈≈≈÷≈≈## #.......
###########


You could see 2 jackals.

Vanquished Creatures
  A jackal (D:1)
  A frilled lizard (D:1)
2 creatures vanquished.

Notes
Turn   | Place    | Note
-------+----------+-------------------------------------------
     0 | D:1      | DildoBatman the Formicid Conjurer began the quest for the
                  | Orb.
     0 | D:1      | Reached XP level 1. HP: 13/13 MP: 3/3
   104 | D:1      | Slain by a jackal

Illustrated notes

Levels and vault maps discovered:
D:1:      saegor_arrival_miasma, layout_basic, serial_shops,
          nicolae_shop_crystal

Action                   || total
-------------------------++-------
Melee: Unarmed           ||    24
 Cast: Magic Dart        ||     5
 Abil: Dig               ||     1
Armor: Robe              ||     2
Dodge: Dodged            ||    31
